 Dungeon Crawl Stone Soup version 0.23.0-3-gf3c87f2 (webtiles) character file.

Game seed: 10847326309952634542

38438 Magrat the Basher (level 14, 0/91 HPs)
             Began as a Gargoyle Fighter on Feb 21, 2019.
             Was a High Priest of Makhleb.
             Killed from afar by a raiju (3 damage)
             ... with a living lightning
             ... on level 3 of the Abyss.
             The game lasted 01:04:20 (17399 turns).

Magrat the Basher (Gargoyle Fighter)               Turns: 17399, Time: 01:04:20

Health: 0/91       AC: 25    Str: 25    XL:     14   Next: 2%
Magic:  18/18      EV:  7    Int:  9    God:    Makhleb [*****.]
Gold:   856        SH: 13    Dex:  9    Spells: 13/13 levels left

rFire    . . .     SeeInvis .   a - +3 flail (protect)
rCold    + . .     Gourm    .   c - +0 shield
rNeg     + + .     Faith    .   J - +1 plate armour {rPois}
rPois    ∞         Spirit   .   (no helmet)
rElec    +         Reflect  .   d - +0 cloak
rCorr    .         Harm     .   (no gloves)
MR       +....     Clarity  +   i - +1 pair of boots
Stlth    ..........             (no amulet)
HPRegen  0.25/turn              s - ring of flight
MPRegen  0.16/turn              x - ring of positive energy

@: about to teleport, studying Air Magic
A: big wings, clarity, cold resistance 1, deformed body, negative energy
resistance 1, electricity resistance, unbreathing, petrification resistance, rot
immunity, subdued magic 1, MP-powered wands, AC +10
a: Fly, Minor Destruction, Lesser Servant of Makhleb, Major Destruction, Greater
Servant of Makhleb, Renounce Religion, Evoke Flight


You were on level 3 of the Abyss.
You worshipped Makhleb.
Makhleb was extremely pleased with you.
You were not hungry.

You visited 1 branch of the dungeon, and saw 15 of its levels.
You visited the Abyss 1 time.
You also visited: Ossuary and Bailey.

You collected 1080 gold pieces.
You spent 224 gold pieces at shops.

Inventory:

Hand Weapons
 a - a +3 flail of protection (weapon)
 b - a +0 mace of venom
 I - a +4 spear
Missiles
 p - 3 javelins (quivered)
 D - 3 throwing nets
 G - 20 tomahawks
Armour
 c - a +0 shield (worn)
 d - a +0 cloak (worn)
 i - a +1 pair of boots (worn)
 E - a +1 chain mail of positive energy
 F - a +0 pair of boots of stealth
 J - a +1 plate armour of poison resistance (worn)
Jewellery
 q - a +4 ring of intelligence
 s - a ring of flight (left hand)
 v - an uncursed ring of wizardry
 x - a ring of positive energy (right hand)
Wands
 k - a wand of paralysis (21)
 r - a wand of flame (23)
 A - a wand of iceblast (1)
 C - a wand of random effects (3)
 M - a wand of acid (5)
 R - a wand of clouds (6)
 S - a wand of polymorph (10)
Scrolls
 l - 11 scrolls of remove curse
 n - 3 scrolls of immolation
 t - a scroll of noise
 w - a scroll of magic mapping
 y - 4 scrolls of enchant weapon
 z - 3 scrolls of teleportation
 B - a scroll of vulnerability {unknown}
 K - a scroll of silence
 L - a scroll of amnesia
 N - a scroll of identify
Potions
 e - 3 potions of ambrosia
 g - 3 potions of lignification
 h - 3 potions of curing
 m - 4 potions of brilliance
 o - 2 potions of magic
 u - 2 potions of flight
 P - a potion of resistance
Books
 H - a manual of Air Magic
Comestibles
 f - 21 rations
 Q - 18 chunks of flesh


   Skills:
 * Level 11.6 Fighting
 - Level 14.1 Maces & Flails
 - Level 11.9 Armour
 - Level 12.0 Shields
 * Level 5.9 Invocations
 * Level 0.2 Evocations


You had 13 spell levels left.
You didn't know any spells.
Your spell library contained the following spells:

 Spells                   Type           Power        Failure   Level  Hunger
 Corona                   Hex            #......      99%         1    ##.....
 Magic Dart               Conj           #...         99%         1    ##.....
 Blink                    Tloc           N/A          100%        2    ###....
 Call Imp                 Summ           #.......     100%        2    ###....
 Ensorcelled Hibernation  Hex/Ice        #.....       100%        2    ###....
 Searing Ray              Conj           #.....       100%        2    ###....
 Slow                     Hex            #.......     100%        2    ###....
 Confuse                  Hex            #.......     100%        3    ####...
 Conjure Flame            Conj/Fire      #.......     100%        3    ####...
 Dazzling Spray           Conj/Hex       #.....       100%        3    ####...
 Mephitic Cloud           Conj/Pois/Air  #.......     100%        3    ####...
 Tukima's Dance           Hex            #.......     100%        3    ####...
 Force Lance              Conj/Tloc      #.......     100%        4    #####..
 Fulminant Prism          Conj/Hex       #.........   100%        4    #####..
 Iskenderun's Mystic Bla  Conj           #.......     100%        4    #####..
 Bolt of Magma            Conj/Fire/Erth #.........   100%        5    ######.
 Iskenderun's Battlesphe  Conj/Chrm      #.......     100%        5    ######.
 Venom Bolt               Conj/Pois      #.........   100%        5    ######.
 Iron Shot                Conj/Erth      #.........   100%        6    #######
 Orb of Destruction       Conj           #.........   100%        7    #######
 Spellforged Servitor     Conj/Summ      #.........   100%        7    #######


Dungeon Overview and Level Annotations

Branches:
Dungeon (15/15)            Temple (0/1) D:7            Lair (0/6) D:11
    Orc (0/2) D:10         Vaults (0/5) D:14         Depths (0/5) D:15

Altars:
Dithmenos
Makhleb
Nemelex Xobeh
Okawaru
Ru
Trog
The Shining One

Shops:
D:4 ?   D:6 }   D:15 [

Annotations:
D:7 exclusion: downstairs
D:10 exclusion: downstairs
D:13 3 runed translucent doors, Azrael; Lanoc's ghost, journeyman GnFE


Innate Abilities, Weirdness & Mutations

You are resistant to torment.
Your stone body is resilient. (AC +10)
You are immune to poison.
Your large and strong wings let you fly indefinitely.
You resist negative energy. (rN+)
You are resistant to electric shocks. (rElec)
You can survive without breathing.
You are immune to petrification.
You are immune to rotting.
You possess an exceptional clarity of mind.
Your flesh is cold resistant. (rC+)
Armour fits poorly on your strangely shaped body.
Your spells are a little easier to cast, but a little less powerful.
You expend magic power (3 MP) to strengthen your wands.


Message History

As you read the scroll of teleportation, it crumbles to dust.
You feel strangely unstable.
You feel the power of the Abyss delaying your translocation!
Your orange demon stings the starcursed mass but does no damage.
Your orange demon hits the starcursed mass.
The starcursed mass shudders and withdraws towards its neighbour. x7
You block the raiju's attack.
The starcursed mass engulfs you but does no damage.
Okay, then.
You miss the raiju.
The raiju is severely wounded.
Your orange demon stings the starcursed mass but does no damage.
Your orange demon hits the starcursed mass.
The starcursed mass shudders and withdraws towards its neighbour. x7
Some of the chunks of flesh in your inventory have rotted away.
A demon appears!
Something completely misses your hellwing.
The raiju bursts into living lightning!
The living lightning hits you. You resist.
You die...

.#. . #. #.. #
.#XX ..# # .#
#X. ### .# . #
#..###XX##.#..#
#
#...##X4...#§#
#..X#.§#.##...#
###.X#14.......
###@X..#..#.#
#§.h#.##..## #
#.#.##..#...##
#§ .#.# ....# #
.. #. ##.# .
####...# .
#..##. #.# ##
..#...# ##..#
..# #.. .. #


You could see 2 starcursed masses, a large abomination, a raiju, a friendly
Executioner, a friendly orange demon and a friendly hellwing.

Vanquished Creatures
  Frances (D:13)
  A vault guard (D:14)
  Erolcha (D:10)
  Harold (D:8)
  A hydra (D:12)
  4 two-headed ogres
  2 centaur warriors
  A wizard (D:14)
  4 ugly things (D:14)
  2 orc sorcerers (D:15)
  2 manticores
  Psyche (D:8)
  A gargoyle (D:12)
  2 naga magi (D:15)
  A yaktaur (D:15)
  2 trolls
  3 meliai (D:9)
  Grinder (D:5)
  A meliai zombie (D:14)
  A hornet (D:14)
  7 hippogriffs
  4 slime creatures (D:13)
  A raiju (Abyss:3)
  4 wyverns
  3 water elementals (D:15)
  A ynoxinul (Abyss:3)
  4 fire elementals (D:13)
  4 wraiths
  10 yaks
  10 humans (D:14)
  A steam dragon (D:9)
  A basilisk (D:13)
  2 vampire mosquitoes (D:13)
  Edmund (D:5)
  2 soldier ants
  A water moccasin (D:6)
  Duvessa (D:6)
  5 sky beasts
  A hell hound (D:13)
  3 ice beasts
  3 eyes of draining
  21 orc warriors
  3 necrophages
  9 ogres
  3 phantoms
  A hornet zombie (D:15)
  12 centaurs
  Blork the orc (D:6)
  A crocodile (D:7)
  12 bullfrogs
  3 big kobolds
  A wyvern zombie (D:13)
  Dowan (D:6)
  3 water moccasin zombies (Ossuary)
  3 scorpions
  A wyvern skeleton (D:8)
  5 killer bees (D:12)
  8 wights
  2 electric eels (D:10)
  5 howler monkeys
  A lava snake (D:9)
  3 centaur zombies
  11 crimson imps
  3 bullfrog zombies
  7 hounds
  A quasit (D:9)
  Crazy Yiuf (D:2)
  13 orc priests
  5 centaur skeletons
  2 jellies
  A bullfrog skeleton (D:5)
  An iron imp (D:2)
  26 orc wizards
  8 iguanas
  9 worker ants
  2 hound zombies
  A hound skeleton (D:8)
  4 mummies
  A howler monkey zombie (D:8)
  A worker ant zombie (D:11)
  2 howler monkey skeletons
  5 gnolls
  10 adders
  3 shadow imps
  An ooze (D:5)
  4 adder zombies
  6 adder skeletons
  3 worms
  5 dart slugs
  9 leopard geckos
  84 orcs
  4 bats
  8 giant cockroaches
  4 gnoll zombies (Ossuary)
  7 goblins
  8 hobgoblins
  15 jackals
  3 quokkas
  2 ball pythons
  7 frilled lizards
  5 hobgoblin zombies (Ossuary)
  15 kobolds
  8 kobold zombies (Ossuary)
  A leopard gecko skeleton (D:8)
  8 orc zombies (Ossuary)
  2 quokka skeletons (D:4)
  3 rats
530 creatures vanquished.

Vanquished Creatures (collateral kills)
  Snorg (D:13)
  Josephine (D:13)
  3 two-headed ogres (D:15)
  An ogre mage (D:15)
  An orc knight (Bailey)
  A centaur zombie (D:15)
  A komodo dragon (D:15)
  A raiju (Abyss:3)
  2 wraiths (D:13)
  A water elemental (D:15)
  5 humans (D:14)
  A soldier ant (D:13)
  A hell hound (D:13)
  3 orc warriors
  An eye of draining (D:15)
  An ogre (D:13)
  2 centaurs (D:15)
  An electric eel (D:15)
28 creatures vanquished.

Vanquished Creatures (others)
  A goblin (D:10)
  15 plants
16 creatures vanquished.

Grand Total: 574 creatures vanquished

Notes
Turn   | Place    | Note
-------+----------+-------------------------------------------
     0 | D:1      | Magrat the Gargoyle Fighter began the quest for the Orb.
     0 | D:1      | Reached XP level 1. HP: 14/14 MP: 1/1
   161 | D:1      | Reached XP level 2. HP: 18/19 MP: 2/2
  1028 | D:2      | Reached XP level 3. HP: 23/23 MP: 3/3
  1376 | D:2      | Reached XP level 4. HP: 28/28 MP: 4/4
  1483 | D:2      | Found a runed translucent door.
  1484 | D:2      | Noticed Crazy Yiuf
  1712 | D:2      | Found a burning altar of Makhleb.
  1719 | D:2      | Reached skill level 3 in Maces & Flails
  1748 | D:2      | Became a worshipper of Makhleb the Destroyer
  1771 | D:2      | Found a sparkling altar of Nemelex Xobeh.
  1977 | D:3      | Reached XP level 5. HP: 20/33 MP: 5/5
  2221 | D:3      | Found a shadowy altar of Dithmenos.
  2380 | D:3      | Reached XP level 6. HP: 20/38 MP: 6/6
  2381 | D:3      | Reached * piety under Makhleb
  2396 | D:2      | Reached skill level 5 in Shields
  2671 | D:3      | Found a faded altar of an unknown god.
  2841 | D:4      | Reached skill level 4 in Maces & Flails
  2899 | D:4      | Found Gyaturemn's Magic Scroll Boutique.
  2922 | D:4      | Bought a scroll of identify for 22 gold pieces
  3017 | D:4      | Found a sand-covered staircase.
  3106 | Ossuary  | Entered an ossuary
  3127 | Ossuary  | Reached XP level 7. HP: 43/43 MP: 7/7
  3136 | Ossuary  | Reached skill level 5 in Maces & Flails
  3194 | Ossuary  | Reached ** piety under Makhleb
  3466 | D:4      | Reached skill level 6 in Maces & Flails
  3706 | D:5      | Entered Level 5 of the Dungeon
  3956 | D:5      | Reached skill level 7 in Maces & Flails
  3956 | D:5      | Reached XP level 8. HP: 48/48 MP: 8/8
  4245 | D:5      | Noticed Edmund
  4297 | D:5      | Killed Edmund
  4297 | D:5      | Reached skill level 8 in Maces & Flails
  4577 | D:5      | Reached *** piety under Makhleb
  4673 | D:5      | Reached skill level 9 in Maces & Flails
  4824 | D:5      | Noticed Grinder
  4833 | D:5      | Killed Grinder
  4881 | D:6      | Reached skill level 10 in Maces & Flails
  4881 | D:6      | Reached XP level 9. HP: 46/52 MP: 9/9
  4894 | D:6      | Gained mutation: Armour fits poorly on your strangely
                  | shaped body. [potion of mutation]
  4894 | D:6      | Gained mutation: You expend magic power (3 MP) to
                  | strengthen your wands. [potion of mutation]
  4894 | D:6      | Gained mutation: Your spells are a little easier to cast,
                  | but a little less powerful. [potion of mutation]
  4894 | D:6      | Gained mutation: You are agile. (Dex +2) [potion of
                  | mutation]
  4895 | D:6      | Lost mutation: Your spells are a little easier to cast, but
                  | a little less powerful. [potion of mutation]
  4895 | D:6      | Lost mutation: You are agile. (Dex +2) [potion of mutation]
  4895 | D:6      | Gained mutation: You possess an exceptional clarity of
                  | mind. [potion of mutation]
  4895 | D:6      | Gained mutation: Your spells are a little easier to cast,
                  | but a little less powerful. [potion of mutation]
  4895 | D:6      | Gained mutation: Your flesh is cold resistant. (rC+)
                  | [potion of mutation]
  4900 | D:6      | Noticed Blork the orc
  4914 | D:6      | Killed Blork the orc
  4975 | D:6      | Found Cinuneth's Gadget Shop.
  5024 | D:6      | Noticed Duvessa
  5024 | D:6      | Noticed Dowan
  5037 | D:6      | Killed Duvessa
  5053 | D:6      | Killed Dowan
  5053 | D:6      | Reached skill level 5 in Armour
  5164 | D:6      | Reached skill level 1 in Invocations
  5396 | D:6      | Found a bloodstained altar of Trog.
  5498 | D:6      | Reached **** piety under Makhleb
  5781 | D:7      | Reached skill level 5 in Fighting
  5781 | D:7      | Reached skill level 11 in Maces & Flails
  5863 | D:7      | Found a staircase to the Ecumenical Temple.
  5950 | D:7      | Reached XP level 10. HP: 48/59 MP: 11/11
  6094 | D:7      | Found an iron altar of Okawaru.
  6095 | D:7      | Found a glowing golden altar of the Shining One.
  6095 | D:7      | Found a sacrificial altar of Ru.
  7194 | D:8      | Noticed Psyche
  7202 | D:8      | Killed Psyche
  7202 | D:8      | Noticed Harold
  7219 | D:8      | Killed Harold
  7269 | D:8      | Reached ***** piety under Makhleb
  8601 | D:9      | Reached XP level 11. HP: 65/67 MP: 14/14
  9113 | D:9      | Reached skill level 12 in Maces & Flails
  9632 | D:10     | Entered Level 10 of the Dungeon
  9724 | D:10     | Reached skill level 5 in Invocations
  9754 | D:10     | Noticed Erolcha
  9776 | D:10     | Killed Erolcha
  9876 | D:10     | Found a flagged portal.
  9888 | Bailey   | Entered a bailey
 10591 | Bailey   | Noticed an orc knight
 10619 | Bailey   | Killed an orc knight
 10992 | D:10     | Reached ****** piety under Makhleb
 11833 | D:10     | Found a staircase to the Orcish Mines.
 12242 | D:2      | Killed Crazy Yiuf
 12461 | D:11     | Noticed a centaur warrior
 12477 | D:11     | Noticed a two-headed ogre
 12499 | D:10     | Killed a centaur warrior
 12499 | D:10     | Reached XP level 12. HP: 75/75 MP: 16/16
 12637 | D:11     | Noticed a two-headed ogre
 12654 | D:11     | Killed a two-headed ogre
 12654 | D:11     | Reached skill level 10 in Shields
 12709 | D:11     | Killed a two-headed ogre
 12967 | D:11     | Reached skill level 13 in Maces & Flails
 13209 | D:11     | Found a staircase to the Lair.
 13758 | D:12     | Noticed a two-headed ogre
 13770 | D:12     | Killed a two-headed ogre
 13972 | D:12     | Noticed an eight-headed hydra
 13983 | D:12     | Killed an eight-headed hydra
 14327 | D:13     | Reached skill level 10 in Fighting
 14400 | D:13     | Noticed Snorg
 14400 | D:13     | Noticed Frances
 14753 | D:13     | Noticed Azrael
 14771 | D:13     | HP: 2/77 [Azrael/fireball (5)]
 14779 | D:13     | You fall through a shaft for 2 floors!
 14779 | D:15     | Entered Level 15 of the Dungeon
 15039 | D:15     | Found Uphuemuu's Antique Armour Boutique.
 15053 | D:15     | Bought a pair of glowing boots for 202 gold pieces
 15077 | D:15     | Noticed an ogre mage
 15086 | D:15     | Noticed a two-headed ogre
 15086 | D:15     | Noticed a two-headed ogre
 15088 | D:15     | Noticed a two-headed ogre
 15207 | D:15     | Reached skill level 10 in Armour
 15431 | D:15     | Paralysed by an orc sorcerer for 2 turns
 15441 | D:15     | Paralysed by an orc sorcerer for 7 turns
 15451 | D:15     | Reached XP level 13. HP: 80/83 MP: 17/17
 15651 | D:15     | Found a staircase to the Depths.
 16084 | D:13     | Killed Snorg
 16148 | D:13     | Killed Frances
 16389 | D:13     | Noticed Josephine
 16407 | D:13     | Killed Josephine
 16491 | D:13     | Reached skill level 14 in Maces & Flails
 16682 | D:13     | Found a runed translucent gate.
 16682 | D:13     | Noticed Lanoc's ghost (journeyman GnFE)
 16683 | D:13     | Found a runed translucent gate.
 16683 | D:13     | Found a runed translucent gate.
 16802 | D:14     | Found an iron altar of Okawaru.
 17297 | D:14     | Found a gate to the Vaults.
 17297 | D:14     | Noticed a vault guard
 17316 | D:14     | Killed a vault guard
 17316 | D:14     | Gained mutation: Your large and strong wings let you fly
                  | indefinitely. [Gargoyle growth]
 17316 | D:14     | Reached XP level 14. HP: 90/90 MP: 18/18
 17316 | D:14     | Cast into level 3 of the Abyss (a wizard)
 17334 | Abyss:3  | Found a corrupted altar of Lugonu.
 17375 | Abyss:3  | Noticed a starcursed mass
 17385 | Abyss:3  | Paralysed by accursed screaming for 1 turns
 17390 | Abyss:3  | Paralysed by accursed screaming for 1 turns
 17392 | Abyss:3  | HP: 2/91 [starcursed mass/accursed screaming (13)]
 17399 | Abyss:3  | Killed from afar by a raiju

Skill      XL: |  1  2  3  4  5  6  7  8  9 10 11 12 13 14 |
---------------+-------------------------------------------+-----
Shields        | 4 5 6 8 9 11 12 | 12.0
Maces & Flails | 3 4 7 10 11 12 13 14 | 14.1
Armour         | 4 5 6 8 10 11 | 11.9
Fighting       | 4 5 7 8 10 11 | 11.6
Invocations    | 2 4 5 |  5.9
Evocations     | |  0.2

Action                   |  1- 3 |  4- 6 |  7- 9 | 10-12 | 13-15 || total
-------------------------+-------+-------+-------+-------+-------++-------
Melee: Flail             |   151 |    15 |   133 |  1371 |   485 ||  2155
       Mace              |       |   159 |   348 |       |       ||   507
       Spear             |       |       |       |    14 |       ||    14
Throw: Javelin           |       |       |     5 |    11 |     2 ||    18
       Tomahawk          |       |       |       |     5 |       ||     5
Invok: Lesser Servant of |       |       |       |     3 |    12 ||    15
       Greater Servant o |       |       |       |       |     1 ||     1
 Abil: Evoke Flight      |       |       |       |     7 |       ||     7
Evoke: Wand              |       |       |     6 |     9 |       ||    15
  Use: Scroll            |       |     7 |     8 |    10 |     1 ||    26
       Potion            |       |       |     3 |    15 |     5 ||    23
 Stab: Paralysed         |       |       |    20 |       |       ||    20
       Invisible         |       |       |       |     3 |       ||     3
       Distracted        |       |       |       |       |     5 ||     5
  Eat: Chunk             |     2 |     6 |    10 |    25 |     5 ||    48
       Ration            |       |       |       |     2 |     1 ||     3
Armor: Scale mail        |   107 |   102 |   173 |    96 |       ||   478
       Chain mail        |       |       |       |     9 |       ||     9
       Plate armour      |       |       |       |   716 |   213 ||   929
Dodge: Dodged            |    52 |    55 |   101 |   284 |    72 ||   564
Block: Shield            |    91 |    94 |   198 |   791 |   207 ||  1381
